 Dungeon Crawl Stone Soup version 0.27.0-1-g7a08968 (webtiles) character file.

Game seed: 2026049603317023120

54822 BALLS the Eclecticist (level 14, -5/100 HPs)
             Began as a Mummy Conjurer on Jan 21, 2022.
             Was a High Priest of Sif Muna.
             Slain by a troll (12 damage)
             ... on level 11 of the Dungeon.
             The game lasted 01:46:34 (24817 turns).

BALLS the Eclecticist (Mummy Conjurer)             Turns: 24817, Time: 01:46:34

Health: -5/100     AC: 12    Str: 18    XL:     14   Next: 36%
Magic:  25/42      EV: 13    Int: 28    God:    Sif Muna [*****.]
Gold:   1175       SH:  0    Dex: 13    Spells: 3/43 levels left

rFire    + . .     SeeInvis .   o - +6 quarterstaff (flame)
rCold    + . .     Faith    .   (shield currently unavailable)
rNeg     + + +     Spirit   .   H - +3 leather armour {rF+}
rPois    ∞         Reflect  .   y - +1 hat
rElec    .         Harm     .   z - +0 cloak
rCorr    +         Rampage  .   B - +0 pair of gloves
Will     ++...                  b - +2 pair of boots "Dintaem" {MP+9 Str+7}
Stlth    ++........             g - amulet of the acrobat
HPRegen  0.26/turn              D - ring of Quforax {Will+ rCorr Dex+3}
MPRegen  0.28/turn              c - ring "Garghuex" {rF+ Int+6}

@: no status effects
A: cold resistance 1, negative energy resistance 3, torment resistance 2, heat
vulnerability 1, in touch with death 1, no potions
a: Renounce Religion, Channel Magic, Forget Spell, Divine Exegesis


You were on level 11 of the Dungeon.
You worshipped Sif Muna.
Sif Muna was extremely pleased with you.
You visited 4 branches of the dungeon, and saw 21 of its levels.
You also visited: Bailey and Gauntlet.

You collected 1175 gold pieces.

Inventory:

Hand Weapons
 m - a +1 short sword of venom
 o - a +6 quarterstaff of flaming (weapon)
 Q - a +1 hand axe of electrocution
 R - a +6 shortbow of freezing
Missiles
 q - 3 throwing nets
Armour
 b - the +2 pair of boots "Dintaem" (worn) {MP+9 Str+7}
   (You acquired it on level 7 of the Dungeon)

   Str:       It affects your strength (+7).
   MP:        It affects your magic capacity (+9).
 d - a +0 buckler
 x - a +1 pair of boots of flying
 y - a +1 hat (worn)
 z - a +0 cloak (worn)
 B - a +0 pair of gloves (worn)
 H - a +3 leather armour of fire resistance (worn)
 J - a +2 leather armour of cold resistance
 L - the +2 cloak "Nedezipo" {rF+ Will- Slay+3}
   (You found it in a Gauntlet)

   Slay:      It affects your accuracy & damage with ranged weapons and melee
   (+3).
   rF:        It protects you from fire.
   Will:      It decreases your willpower.
Magical Staves
 S - a staff of conjuration
Jewellery
 c - the ring "Garghuex" (right hand) {rF+ Int+6}
   (You acquired it on level 7 of the Dungeon)

   [ring of intelligence]

   Int:       It affects your intelligence (+6).
   rF:        It protects you from fire.
 g - an amulet of the acrobat (around neck)
 i - a ring of protection from fire
 k - a ring of wizardry
 n - an amulet of reflection
 r - a ring of magical power
 s - a ring of see invisible
 u - an amulet of regeneration
 C - a ring of protection from fire
 D - the ring of Quforax (left hand) {Will+ rCorr Dex+3}
   (You found it on level 2 of the Lair of Beasts)

   [ring of willpower]

   Dex:       It affects your dexterity (+3).
   rCorr:     It protects you from acid and corrosion.
   Will:      It increases your willpower.
 G - the ring "Eluuzif" {Ice Str+4}
   (You acquired it on level 4 of the Lair of Beasts)

   [ring of ice]

   It enhances your ice magic.
   Str:       It affects your strength (+4).
   rF:        It makes you vulnerable to fire.
   rC:        It protects you from cold.
Wands
 l - a wand of digging (21)
 w - a wand of mindburst (48)
 E - a wand of flame (22)
 F - a wand of polymorph (16)
 I - a wand of iceblast (25)
 O - a wand of acid (8)
 P - a wand of paralysis (5)
Scrolls
 a - 2 scrolls of vulnerability
 e - 3 scrolls of enchant armour
 f - 11 scrolls of teleportation
 h - a scroll of immolation
 j - a scroll of amnesia
 p - 3 scrolls of summoning
 t - 2 scrolls of fog
 v - a scroll of fear
 A - 2 scrolls of magic mapping
 K - 2 scrolls of torment
 N - a scroll of acquirement
 T - 3 scrolls of identify
 U - a scroll of blinking
Miscellaneous
 M - a piece from Xom's chessboard (15/15)


   Skills:
 + Level 6.2 Fighting
 - Level 5.0 Dodging
 - Level 3.0 Stealth
 - Level 1.0 Shields
 - Level 15.0 Spellcasting
 - Level 12.0 Conjurations
 - Level 4.3 Hexes
 - Level 3.0 Translocations
 + Level 1.3 Ice Magic
 - Level 4.3 Air Magic
 - Level 7.0 Earth Magic
 - Level 8.1 Invocations


You had 3 spell levels left.
You knew the following spells:

 Your Spells              Type           Power      Damage    Failure   Level
a - Magic Dart            Conj           100%       1d8       1%          1
b - Searing Ray           Conj           100%       3d7       1%          2
c - Dazzling Flash        Conj/Hex       100%       N/A       1%          3
d - Fulminant Prism       Conj/Hex       30%        3d16      1%          4
e - Iron Shot             Conj/Erth      32%        9d7       9%          6
f - Iskenderun's Mystic   Conj/Tloc      58%        2d12      1%          4
g - Iskenderun's Battles  Conj           73%        2d12      1%          5
h - Orb of Destruction    Conj           36%        9d13      17%         7
i - Mephitic Cloud        Conj/Pois/Air  51%        N/A       1%          3
j - Freezing Cloud        Conj/Ice/Air   26%        6-21      7%          5

Your spell library contained the following spells:

 Spells                   Type           Power      Damage    Failure   Level
 Foxfire                  Conj/Fire      100%       2x1d9     1%          1
 Slow                     Hex            45%        N/A       1%          2
 Confusing Touch          Hex            45%        N/A       1%          3
 Conjure Flame            Conj/Fire      53%        6-21      1%          3
 Summon Small Mammal      Summ           84%        N/A       2%          1
 Inner Flame              Hex/Fire       33%        N/A       3%          3
 Summon Guardian Golem    Hex/Summ       33%        N/A       3%          3
 Ignite Poison            Fire/Tmut/Pois 21%        N/A       9%          3
 Hailstorm                Conj/Ice       55%        3d12      1%          4
 Cause Fear               Hex            22%        N/A       4%          4
 Lee's Rapid Deconstruct  Erth           28%        3d16*     4%          5
 Bolt of Magma            Conj/Fire/Erth 27%        4d13      6%          5
 Petrify                  Tmut/Erth      40%        N/A       7%          4
 Irradiate                Conj/Tmut      26%        3d22      7%          5
 Yara's Violent Unravell  Hex/Tmut       16%        3d8       32%         5
 Summon Forest            Summ/Tloc      14%        N/A       38%         5
 Spellforged Servitor     Conj/Summ      26%        N/A       90%         7
 Simulacrum               Ice/Necr       18%        N/A       98%         6
 Eringya's Noxious Bog    Tmut/Pois      10%        N/A       99%         6
 Haunt                    Necr/Summ      15%        N/A       100%        7
 Summon Hydra             Summ           10%        N/A       100%        7
 Discord                  Hex            22%        N/A       100%        8
 Summon Horrible Things   Summ           10%        N/A       100%        8
 Sublimation of Blood     Necr           Unusable   N/A       N/A         2
 Ice Form                 Ice/Tmut       Unusable   N/A       N/A         4

Dungeon Overview and Level Annotations

Branches:
Dungeon (13/15)            Temple (1/1) D:5            Lair (6/6) D:10
 Shoals (0/4) Lair:4       Spider (0/4) Lair:3        Slime (0/5) Lair:6
    Orc (1/2) D:11         Bailey (visited)         Gauntlet (visited)
 Vaults: D:13-14

Altars:
Ashenzari
Cheibriados
Dithmenos
Elyvilon
Fedhas
Gozag
Hepliaklqana
Kikubaaqudgha
Makhleb
Nemelex Xobeh
Okawaru
Qazlal
Ru
Sif Muna
Trog
Uskayaw
Vehumet
Wu Jian
Xom
Yredelemnul
Zin
The Shining One
Jiyva

Shops:
D:4 ?   D:6 [   D:7 *[[*=   D:10 *

Annotations:
D:10 2 transporters, mbeke's ghost, journeyman MiBe
Orc:1 Sonja


Innate Abilities, Weirdness & Mutations

You are immune to poison.
Your flesh is cold resistant. (rC+)
You are immune to negative energy. (rN+++)
You are immune to unholy pain and torment.
You are vulnerable to heat. (rF-)
You are in touch with the powers of death.
You do not drink.


Message History

The orc warrior misses you.
Sonja throws a curare-tipped dart.
The curare-tipped dart misses you. The orc warrior closely misses you.
The orc warrior hits you from afar with a +0 halberd!
An orc comes into view. It is wielding a +0 dagger.
The orc warrior completely misses you.
The orc wizard casts a spell.
The orc wizard flickers and vanishes!
Deactivating autopickup; reactivate with Ctrl-A.
The orc priest hits you with a +0 club. The orc warrior completely misses you.
The orc warrior barely misses you.
The orc priest invokes the aid of Beogh against you.
Beogh smites you!
The orc priest casts a cantrip, but nothing happens.
The orc priest calls down the wrath of Beogh upon you.
Beogh smites you!
There is a staircase back to the Dungeon here.
The troll bites you. The troll claws you.
* * * LOW HITPOINT WARNING * * *
The troll barely misses you. The troll completely misses you.
The troll claws you.
* * * LOW HITPOINT WARNING * * *
The troll claws you.
* * * LOW HITPOINT WARNING * * *
The orc priest invokes the aid of Beogh against you.
Beogh smites you!
* * * LOW HITPOINT WARNING * * *
The orc priest miscasts a cantrip.
You climb upwards.
Welcome back to the Dungeon!
Reactivating autopickup.
There is a staircase to the Orcish Mines here.
Casting: Searing Ray (safe; 1% risk of failure)
Confirm with . or Enter, or press ? or * to list all spells.
You erupt in a blast of force!
The mystic blast hits the troll!
The troll is moderately wounded.
The mystic blast hits the troll!
The troll is moderately wounded.
The troll closely misses you. The troll barely misses you.
The troll misses you. The troll bites you!
You die...

.......# ##+..##### #......#
####'### ####...#### ###...##
#.# #....8....# ##..### #.#
#.........####)....# #.#
#.........#..'.....### #.#
##.........#.##.....'..
#.######............##.....###
#............TT.....##.....# #
#.#####..8...@...8..##.....#
#.# ##............##.....# #.#
#............##.....# #.#
##.........#.##.....# #.#
#.........####.....# #.#
#.........# ####'## #.#
#....8....# #.# ####.####
####...#### #####'####
........####+##..#####
#........#


You could see 2 trolls.

Vanquished Creatures
  A minotaur (Gauntlet)
  A great orb of eyes (Gauntlet)
  11 hydras
  A boulder beetle (D:11)
  A centaur warrior (D:13)
  3 catoblepae (Lair:6)
  Urug (Lair:3)
  3 two-headed ogres
  6 death yaks
  A necromancer (Lair:4)
  An orc sorcerer (Orc:1)
  A deep elf pyromancer (D:12)
  5 cyclopes
  4 oklob plants (Lair:6)
  3 manticores
  An ugly thing (Gauntlet)
  An elephant (Lair:6)
  4 merfolk sirens (Lair:4)
  7 black mambas
  A gargoyle (D:12)
  An unseen horror (D:12)
  6 cane toads
  A rime drake (Lair:3)
  4 komodo dragons
  A kobold demonologist (D:12)
  3 polar bears
  2 trolls (D:11)
  2 blink frogs (Lair:6)
  3 flying skulls (Gauntlet)
  2 wyverns
  A wraith (D:11)
  2 shadows
  A vampire (D:12)
  62 yaks
  6 basilisks
  3 vampire mosquitoes
  A steam dragon (D:6)
  4 swamp worms (Lair:2)
  2 acid dragons
  26 water moccasins
  7 orc warriors
  2 sky beasts
  A necrophage (D:5)
  An elephant zombie (Lair:4)
  5 black bears
  4 wolves (Lair:4)
  10 centaurs
  4 phantoms
  2 kobold brigands (D:9)
  A gnoll sergeant (D:6)
  4 bullfrogs
  A wyvern zombie (D:9)
  A scorpion (D:10)
  5 troll zombies (D:11)
  6 killer bees (D:9)
  2 electric eels (Lair:4)
  2 hounds
  4 jellies
  2 basilisk zombies (Lair:4)
  2 bullfrog skeletons (D:6)
  3 centaur zombies
  A gnoll shaman (D:5)
  9 orc priests
  Ijyb (D:4)
  4 iguanas
  16 orc wizards
  8 hell rats
  A killer bee zombie (D:6)
  3 ogre zombies (D:11)
  2 howler monkey zombies
  A howler monkey skeleton (D:5)
  11 gnolls
  10 adders
  3 river rats (Lair:1)
  A shadow imp (D:5)
  A dart slug (D:3)
  57 orcs
  8 ball pythons
  5 endoplasms
  7 giant cockroaches
  8 goblins
  7 hobgoblins
  7 jackals
  12 kobolds
  7 quokkas
  2 bats
  3 frilled lizards
  2 goblin skeletons (D:11)
  2 goblin zombies (D:11)
  A hobgoblin skeleton (D:11)
  2 hobgoblin zombies (D:11)
  5 orc skeletons (D:11)
  13 orc zombies (D:11)
  11 rats
  11 briar patches (Lair:2)
  A fulminant prism (Lair:6)
502 creatures vanquished.

Vanquished Creatures (others)
  2 blink frogs (Lair:6)
  A bush (Lair:6)
  32 fulminant prisms
  77 fungi
  104 plants
216 creatures vanquished.

Grand Total: 718 creatures vanquished

Notes
Turn   | Place    | Note
-------+----------+-------------------------------------------
     0 | D:1      | BALLS the Mummy Conjurer began the quest for the Orb.
     0 | D:1      | Reached XP level 1. HP: 13/13 MP: 4/4
   360 | D:1      | Reached XP level 2. HP: 19/19 MP: 2/5
   394 | D:1      | Learned a level 2 spell: Searing Ray
  1242 | D:2      | Reached skill level 3 in Spellcasting
  1362 | D:2      | Reached XP level 3. HP: 24/24 MP: 4/7
  1750 | D:3      | Noticed a bullfrog
  1754 | D:3      | Killed a bullfrog
  1755 | D:3      | Reached skill level 5 in Spellcasting
  1755 | D:3      | Reached XP level 4. HP: 20/30 MP: 3/11
  1881 | D:3      | Learned a level 3 spell: Dazzling Flash
  1886 | D:3      | Learned a level 4 spell: Fulminant Prism
  2315 | D:3      | Reached XP level 5. HP: 35/35 MP: 10/13
  2437 | D:3      | Found a faded altar of an unknown god.
  2455 | D:3      | Noticed an ogre
  2490 | D:4      | Noticed Ijyb
  2585 | D:4      | Found Piarr's Magic Scroll Emporium.
  2795 | D:4      | Reached skill level 6 in Spellcasting
  2832 | D:4      | Reached skill level 1 in Hexes
  2892 | D:4      | Killed Ijyb
  2893 | D:4      | Reached XP level 6. HP: 4/41 MP: 8/15
  3540 | D:4      | Reached skill level 7 in Spellcasting
  3690 | D:5      | Entered Level 5 of the Dungeon
  3697 | D:5      | Reached skill level 1 in Fighting
  3759 | D:5      | Reached XP level 7. HP: 50/50 MP: 5/17
  3846 | D:5      | Found a staircase to the Ecumenical Temple.
  3859 | Temple   | Entered the Ecumenical Temple
  3885 | Temple   | Became a worshipper of Sif Muna the Loreminder
  4263 | D:5      | Reached skill level 8 in Spellcasting
  4363 | D:5      | Reached skill level 5 in Conjurations
  4539 | D:5      | Noticed a yak
  4549 | D:5      | Reached skill level 1 in Invocations
  4741 | D:5      | Killed a yak
  4742 | D:5      | Reached XP level 8. HP: 21/56 MP: 11/20
  5176 | D:6      | Found Xeoseoj's Armour Emporium.
  5481 | D:6      | Reached * piety under Sif Muna
  5729 | D:6      | Identified the -9 kite shield "Puger" {rC++ Int+5 Dex-2}
  6244 | D:6      | Reached skill level 9 in Spellcasting
  6501 | D:7      | Found Zeastrunk's Jewellery Shoppe.
  6555 | D:7      | Identified 2 scrolls of acquirement
  6561 | D:7      | Acquired the ring "Garghuex" {rF+ Int+6}
  6565 | D:7      | Acquired the +2 pair of boots "Dintaem" {MP+9 Str+7}
  6633 | D:7      | Found Gorach's Armour Boutique.
  6642 | D:7      | Found Wekhlaum's General Store.
  6650 | D:7      | Reached XP level 9. HP: 62/62 MP: 22/22
  6713 | D:7      | Reached skill level 1 in Shields
  6832 | D:7      | Found Xuilitix's Assorted Antiques.
  6972 | D:7      | Found Astuiroll's Armour Boutique.
  7501 | D:8      | Found a flagged portal.
  7512 | Bailey   | Entered a bailey
  7535 | Bailey   | Noticed an orc knight
  7538 | Bailey   | Reached ** piety under Sif Muna
  7599 | D:8      | Reached skill level 10 in Spellcasting
  8237 | D:8      | Learned a level 6 spell: Iron Shot
  8242 | D:8      | Learned a level 4 spell: Iskenderun's Mystic Blast
  8248 | D:8      | Learned a level 5 spell: Iskenderun's Battlesphere
  8351 | D:9      | Reached skill level 1 in Earth Magic
  8493 | D:9      | Reached XP level 10. HP: 63/71 MP: 24/24
  8585 | D:9      | Reached skill level 1 in Translocations
  8747 | D:9      | Identified the +4 ring mail of the Ten Hosts {Int+8 Stlth-}
  9364 | D:9      | Noticed a cyclops
  9378 | D:9      | Killed a cyclops
  9379 | D:9      | Noticed a two-headed ogre
  9388 | D:9      | Killed a two-headed ogre
  9389 | D:9      | Reached skill level 5 in Earth Magic
  9462 | D:9      | Reached *** piety under Sif Muna
  9700 | D:10     | Entered Level 10 of the Dungeon
  9837 | D:10     | Found a staircase to the Lair.
  9869 | D:10     | Reached skill level 11 in Spellcasting
  9869 | D:10     | Reached XP level 11. HP: 78/78 MP: 7/26
 10069 | D:10     | Noticed a two-headed ogre
 10077 | D:10     | Killed a two-headed ogre
 10078 | D:10     | Reached skill level 5 in Fighting
 10161 | D:10     | Found Xaghiong's General Store.
 10585 | D:10     | Found a transporter.
 10607 | D:10     | Noticed mbeke's ghost (journeyman MiBe)
 10608 | D:10     | Found a transporter.
 10718 | Lair:1   | Entered Level 1 of the Lair of Beasts
 10789 | Lair:1   | Noticed a six-headed hydra
 10956 | D:9      | HP: 3/79 [hell rat (3)]
 11505 | Lair:1   | Reached **** piety under Sif Muna
 12161 | Lair:2   | Noticed a seven-headed hydra
 12177 | Lair:1   | Killed a seven-headed hydra
 12280 | D:10     | Killed a six-headed hydra
 12506 | Lair:2   | Noticed a seven-headed hydra
 12515 | Lair:2   | Killed a seven-headed hydra
 12785 | Lair:2   | Found a transporter.
 12862 | Lair:2   | Reached skill level 12 in Spellcasting
 12942 | Lair:2   | Reached skill level 10 in Conjurations
 13017 | Lair:2   | Found a transporter.
 13156 | Lair:2   | Reached XP level 12. HP: 58/86 MP: 3/28
 13279 | Lair:2   | Learned a level 7 spell: Orb of Destruction
 13303 | Lair:2   | Identified the ring of Quforax {Will+ rCorr Dex+3}
 13306 | Lair:2   | Identified the -3 hat "Aboprenk" {Fly Str+2}
 13916 | Lair:3   | Found a hole to the Spider Nest.
 14122 | Lair:3   | You fall into a shaft and drop 3 floors!
 14122 | Lair:6   | Entered Level 6 of the Lair of Beasts
 14149 | Lair:5   | Reached ***** piety under Sif Muna
 14152 | Lair:5   | Noticed a six-headed hydra
 14360 | Lair:4   | Acquired the ring "Eluuzif" {Ice Str+4}
 14896 | Lair:4   | Found a staircase to the Shoals.
 14949 | Lair:4   | Reached skill level 13 in Spellcasting
 15150 | Lair:4   | Received a gift from Sif Muna
 15153 | Lair:4   | Got Sif Muna's Volume of Glacial Malediction {god gift}
 15158 | Lair:4   | Learned a level 3 spell: Mephitic Cloud
 15912 | Lair:5   | Noticed a four-headed hydra
 15920 | Lair:5   | Killed a four-headed hydra
 16134 | Lair:5   | Noticed a five-headed hydra
 16140 | Lair:5   | Killed a five-headed hydra
 16205 | Lair:5   | Killed a six-headed hydra
 16717 | Lair:6   | Noticed an eight-headed hydra
 16722 | Lair:6   | Noticed a six-headed hydra
 16733 | Lair:6   | Reached skill level 14 in Spellcasting
 16738 | Lair:6   | Killed an eight-headed hydra
 16752 | Lair:6   | Gained mutation: You are in touch with the powers of death.
                  | [Mummy growth]
 16752 | Lair:6   | Reached XP level 13. HP: 49/91 MP: 7/31
 16996 | Lair:6   | Found a staircase to the Slime Pits.
 16997 | Lair:6   | Found a viscous altar of Jiyva.
 17800 | Lair:6   | Reached skill level 15 in Spellcasting
 18843 | Lair:6   | Reached skill level 5 in Dodging
 19274 | Lair:6   | Reached skill level 5 in Invocations
 20581 | Lair:3   | Found a shimmering altar of Xom.
 21217 | Lair:3   | Noticed Urug
 21222 | Lair:3   | Killed Urug
 21763 | D:11     | Found a shadowy altar of Dithmenos.
 21830 | D:11     | Found a staircase to the Orcish Mines.
 21852 | D:11     | Reached XP level 14. HP: 87/98 MP: 33/33
 21855 | D:11     | Received a gift from Sif Muna
 21873 | D:11     | Got Sif Muna's Incunabulum of Conjuration {god gift}
 21880 | D:11     | Learned a level 5 spell: Freezing Cloud
 22168 | D:11     | Reached skill level 1 in Air Magic
 22379 | D:12     | Got Sif Muna's Reference Book on Creation
 22406 | D:12     | Found a gate leading to a gauntlet.
 22419 | Gauntlet | Entered a Gauntlet
 22419 | Gauntlet | Found a transporter.
 22459 | Gauntlet | Found a large runed translucent door.
 22460 | Gauntlet | Found a large runed translucent door.
 22461 | Gauntlet | Found a large runed translucent door.
 22461 | Gauntlet | Found a large runed translucent door.
 22461 | Gauntlet | Found a runed translucent door.
 22462 | Gauntlet | Found a large runed translucent door.
 22463 | Gauntlet | Found a large runed translucent door.
 22464 | Gauntlet | Found a large runed translucent door.
 22464 | Gauntlet | Found a large runed translucent door.
 22465 | Gauntlet | Found a runed translucent gate.
 22465 | Gauntlet | Found a runed translucent gate.
 22467 | Gauntlet | Found a transporter.
 22475 | Gauntlet | Found a runed translucent gate.
 22475 | Gauntlet | Found a runed translucent door.
 22476 | Gauntlet | Found a large runed translucent door.
 22476 | Gauntlet | Found a large runed translucent door.
 22477 | Gauntlet | Found a large runed translucent door.
 22478 | Gauntlet | Found a large runed translucent door.
 22482 | Gauntlet | Found a transporter.
 22487 | Gauntlet | Found a transporter.
 22502 | Gauntlet | Found a transporter.
 22521 | Gauntlet | Found a transporter.
 22533 | Gauntlet | Found a transporter.
 22545 | Gauntlet | Found a transporter.
 22545 | Gauntlet | Noticed a quicksilver ooze
 22557 | Gauntlet | Found a transporter.
 22569 | Gauntlet | Found a transporter.
 22587 | Gauntlet | Found a transporter.
 22604 | Gauntlet | Found a transporter.
 22606 | Gauntlet | Found a transporter.
 22646 | Gauntlet | Found a large runed translucent door.
 22646 | Gauntlet | Found a large runed translucent door.
 22647 | Gauntlet | Found a large runed translucent door.
 22648 | Gauntlet | Found a large runed translucent door.
 22648 | Gauntlet | Found a transporter.
 22650 | Gauntlet | Found a transporter.
 22652 | Gauntlet | Found a transporter.
 22791 | Gauntlet | Found a transporter.
 22795 | Gauntlet | Found a transporter.
 22880 | Gauntlet | Identified the +2 cloak "Nedezipo" {rF+ Will- Slay+3}
 24635 | D:13     | Reached skill level 1 in Ice Magic
 24756 | Orc:1    | Entered Level 1 of the Orcish Mines
 24796 | Orc:1    | Noticed Sonja
 24817 | D:11     | Slain by a troll

Illustrated notes

Levels and vault maps discovered:
D:1:      heliophobic_arrival_enchanted_forest, layout_loops_ring
D:2:      layout_rooms, grunt_ministairs_8
D:3:      layout_basic, hellmonk_ecumenical_altar_leap_of_faith
D:4:      layout_cave_pools, serial_shops, shop, gup_sewer_entry_bubbles,
          uniq_ijyb
D:5:      minmay_clustersquares, layout_cave_pools,
          minmay_temple_entry_butterflies
D:6:      layout_loops_ring, serial_shops, shop
D:7:      layout_gridville, serial_shops, shop_fountains, nicolae_shop_trees,
          kennysheep_mini_moat, kennysheep_mini, nicolae_stop_n_shop_1
D:8:      layout_loops_ring, enter_bailey_7
D:9:      layout_loops_cross, lemuel_tele_altar, kennysheep_cross_room,
          grunt_ministairs_3
D:10:     layout_roguey, due_lair_maze_entry_diamond, serial_shops, shop_statue,
          gammafunk_ghost_mausoleum
D:11:     layout_roguey, zombieorc2_lemuel, grunt_dithmenos_smoke_and_mirrors
D:12:     minmay_inner_zag, layout_loops_ring, gauntlet_entry_generic
D:13:     minmay_quarter_circles, layout_basic, minmay_fractal_squares_5
Temple:   grunt_wide_crystal_templ
Lair:1:   layout_long_grid, kennysheep_abandoned_house, serial_bayou_shore_a
Lair:2:   gammafunk_worm_tunnel, layout_gridlike, beast_lair_carwin_10,
          lemuel_fruit_tree
Lair:3:   layout_chaotic_city, dummy_spider_entry, lemuel_centaur_altar,
          grunt_megastairs_2, uniq_urug
Lair:4:   pond_and_an_island_with_a_cottage, layout_loops_ring,
          elwin_shoals_entry_stream, infiniplex_staircase_pool_2
Lair:5:   layout_regular_city
Lair:6:   evilmike_catoblepas_cave, layout_regular_city, slime_altar_1,
          st_stairs_3, lemuel_old_faithful, grunt_megastairs_4,
          minmay_lair_oklob_chamber
Orc:1:    layout_caves, basic_altar, uniq_sonja, uniq_nergalle

Skill      XL: |  1  2  3  4  5  6  7  8  9 10 11 12 13 14 |
---------------+-------------------------------------------+-----
Conjurations   | 4 5 6 7 8 10 11 12 | 12.0
Spellcasting   | 3 5 6 7 8 9 10 11 12 14 15 | 15.0
Hexes          | 1 2 3 4 |  4.3
Fighting       | 2 4 5 6 |  6.2
Invocations    | 3 4 8 |  8.1
Dodging        | 2 3 4 5 |  5.0
Stealth        | 3 |  3.0
Shields        | 1 |  1.0
Earth Magic    | 2 5 7 |  7.0
Translocations | 3 |  3.0
Air Magic      | 4 |  4.3
Ice Magic      | 1 |  1.3

Action                   |  1- 3 |  4- 6 |  7- 9 | 10-12 | 13-15 || total
-------------------------+-------+-------+-------+-------+-------++-------
Melee: Long sword        |     2 |    37 |       |       |       ||    39
       Short sword       |       |       |     4 |       |       ||     4
       Quarterstaff      |       |       |    24 |    30 |    68 ||   122
 Cast: Magic Dart        |    63 |    34 |    11 |    29 |    36 ||   173
       Searing Ray       |     1 |    25 |    70 |   118 |    74 ||   288
       Dazzling Flash    |       |       |     8 |     1 |       ||     9
       Fulminant Prism   |       |       |       |    22 |    11 ||    33
       Iskenderun's Batt |       |       |       |    15 |    26 ||    41
       Iskenderun's Myst |       |       |       |    19 |    20 ||    39
       Orb of Destructio |       |       |       |       |    12 ||    12
       Iron Shot         |       |       |       |       |    20 ||    20
       Mephitic Cloud    |       |       |       |       |     5 ||     5
       Freezing Cloud    |       |       |       |       |     6 ||     6
Invok: Channel Magic     |       |       |       |       |     1 ||     1
  Use: Scroll            |       |       |    10 |     8 |     9 ||    27
 Stab: Distracted        |       |       |       |     1 |       ||     1
       Confused          |       |       |       |       |     1 ||     1
Armor: Robe              |     1 |    16 |    15 |       |       ||    32
       Steam dragon scal |       |       |    16 |    55 |       ||    71
       Leather armour    |       |       |       |    10 |    65 ||    75
Dodge: Dodged            |    11 |    81 |    91 |   247 |   235 ||   665
       Rpst.: Long sword |     2 |    26 |       |       |       ||    28
